 Dungeon Crawl Stone Soup version 0.28-a0-683-ga8797d1ae1 (webtiles) character file.

Game seed: 14801571265433491341

1061 mordus the Shield-Bearer (level 8, -3/58 HPs)
             Began as a Formicid Fighter on Oct 18, 2021.
             Was a Follower of the Shining One.
             Slain by an orc priest (6 damage)
             ... on level 5 of the Dungeon.
             The game lasted 00:06:37 (5031 turns).

mordus the Shield-Bearer (Formicid Fighter)         Turns: 5031, Time: 00:06:37

Health: -3/58      AC: 10    Str: 23    XL:     8   Next: 52%
Magic:  8/8        EV:  7    Int:  8    God:    the Shining One [*.....]
Gold:   267        SH: 17    Dex: 10    Spells: 7/7 levels left

rFire   . . .      SeeInvis +   a - +0 flail
rCold   . . .      Faith    .   k - +3 kite shield
rNeg    . . .      Spirit   .   f - +0 chain mail
rPois   .          Reflect  +   (helmet unavailable)
rElec   .          Harm     .   (no cloak)
rCorr   .          Rampage  .   (no gloves)
Will    .....                   (no boots)
Stlth   ..........              g - amulet of reflection
HPRegen 0.19/turn               (no ring)
MPRegen 0.11/turn               (no ring)

@: glowing
A: permanent stasis, dig shafts and tunnels, antennae 3, four strong arms
a: Dig, Shaft Self, Renounce Religion


You were on level 5 of the Dungeon.
You worshipped the Shining One.
The Shining One was aware of your devotion.
You visited 2 branches of the dungeon, and saw 6 of its levels.
You also visited: Sewer.

You collected 267 gold pieces.

Inventory:

Hand Weapons
 a - a +0 flail (weapon)
Armour
 b - a +0 scale mail
 c - a +0 buckler
 f - a +0 chain mail (worn)
 k - a +3 kite shield (worn)
 o - a +3 leather armour
Jewellery
 g - an amulet of reflection (around neck)
Wands
 h - a wand of mindburst (11)
Scrolls
 j - 3 scrolls of fog
 l - 3 scrolls of identify
Potions
 d - 3 potions of might
 e - a potion of heal wounds
 q - a potion of curing


   Skills:
 - Level 3.2 Fighting
 + Level 5.7 Maces & Flails
 + Level 6.8 Armour
 + Level 7.4 Shields


You had 7 spell levels left.
You didn't know any spells.
Your spell library contained the following spells:

 Spells                   Type           Power      Damage    Failure   Level
 Animate Skeleton         Necr           0%         N/A       99%         1
 Pain                     Necr           0%         1d4       99%         1
 Summon Small Mammal      Summ           0%         N/A       99%         1
 Call Canine Familiar     Summ           0%         N/A       100%        3
 Summon Guardian Golem    Hex/Summ       0%         N/A       100%        3
 Vampiric Draining        Necr           0%         2d6       100%        3


Dungeon Overview and Level Annotations

Branches:
Dungeon (5/15)             Temple (1/1) D:4           Sewer (visited)

Altars:
Ashenzari
Cheibriados
Dithmenos
Elyvilon
Fedhas
Gozag
Hepliaklqana
Kikubaaqudgha
Makhleb
Nemelex Xobeh
Okawaru
Qazlal
Ru
Sif Muna
Trog
Uskayaw
Vehumet
Wu Jian
Yredelemnul
Zin
The Shining One

Shops:
D:1 *


Innate Abilities, Weirdness & Mutations

You cannot be hasted, slowed, berserked, paralysed or teleported.
You can dig through walls and to a lower floor.
You have a pair of large antennae on your head. (SInv)
Your four strong arms can wield two-handed weapons with a shield.


Message History

You are no longer poisoned.
You block the orc priest's attack.
The orc priest hits you with a +0 short sword.
You completely miss the orc priest.
The orc priest is heavily wounded.
The orc priest hits you but does no damage.
You barely miss the orc priest.
The orc priest is heavily wounded.
The orc priest hits you with a +0 short sword.
You sock the orc priest!
You kill the orc priest!
The Shining One accepts your kill.
You hit the orc but do no damage. You block the orc's attack.
The orc priest hits you from afar with a +0 trident.
You barely miss the orc. You block the orc's attack.
The orc priest hits you but does no damage.
The orc hits you with a +0 mace.
* * * LOW HITPOINT WARNING * * *
You block the orc priest's attack.
You thump the orc!
You kill the orc!
You block the orc priest's attack. You block the orc priest's attack.
Things that are here:
a +0 mace; a +0 short sword You hit the orc priest.
The orc priest is heavily wounded.
The orc priest calls down the wrath of Beogh upon you.
Pain shoots through your body!
* * * LOW HITPOINT WARNING * * *
You hit the orc priest.
The orc priest is heavily wounded.
You block the orc priest's attack.
Your chain mail prevents you from hitting the orc priest.
The orc priest is heavily wounded.
You block the orc priest's attack.
You hit the orc priest but do no damage.
The orc priest is heavily wounded.
The orc priest hits you with a +0 trident.
You die...

{ . .. .## .o#####
####.#...# ##o##.....###..
##@#{##)....... ## ..
#.###......# ... #.. ###
#.##...###.... #. #.##
#.....##........:. ..
#...##.########..##.<. ..##
#....###......#...# ...##
#####.......###....###
##..####........#####...####
####
...........#.......##.###
....


You could see an orc priest.

Vanquished Creatures
  Sigmund (D:3)
  A hornet zombie (D:4)
  Purgy (Sewer)
  An ice beast (D:5)
  A bullfrog (D:5)
  Blork the orc (D:4)
  A scorpion (D:5)
  3 orc priests (D:5)
  A hound (D:4)
  2 jellies
  A scorpion zombie (D:5)
  Natasha (D:2)
  2 orc wizards
  A gnoll (D:2)
  5 adders
  A shadow imp (D:5)
  An adder skeleton (D:5)
  2 worms
  A dart slug (D:1)
  8 orcs
  3 endoplasms
  2 giant cockroaches
  10 goblins
  9 hobgoblins
  4 jackals (D:3)
  4 kobolds
  4 quokkas
  8 ball pythons
  8 bats
  3 frilled lizards
  2 rats
93 creatures vanquished.

Notes
Turn   | Place    | Note
-------+----------+-------------------------------------------
     0 | D:1      | mordus the Formicid Fighter began the quest for the Orb.
     0 | D:1      | Reached XP level 1. HP: 18/18 MP: 1/1
   178 | D:1      | Reached XP level 2. HP: 22/24 MP: 2/2
   297 | D:1      | Reached skill level 4 in Shields
   510 | D:1      | Reached XP level 3. HP: 19/29 MP: 3/3
   983 | D:1      | Found Becs's Assorted Antiques.
  1309 | D:2      | Found a faded altar of an unknown god.
  1325 | D:2      | Noticed Natasha
  1346 | D:2      | Killed Natasha
  1347 | D:2      | Reached XP level 4. HP: 3/35 MP: 4/4
  2575 | D:3      | Reached XP level 5. HP: 41/41 MP: 5/5
  3100 | D:3      | Noticed Sigmund
  3130 | D:3      | Killed Sigmund
  3131 | D:3      | Reached skill level 5 in Armour
  3131 | D:3      | Reached skill level 5 in Shields
  3131 | D:3      | Reached XP level 6. HP: 22/47 MP: 6/6
  3524 | D:4      | Found a glowing drain.
  3541 | Sewer    | Entered a sewer
  3599 | Sewer    | Noticed Purgy
  3606 | Sewer    | Killed Purgy
  3607 | Sewer    | Reached XP level 7. HP: 49/52 MP: 7/7
  3668 | D:4      | Found a staircase to the Ecumenical Temple.
  3710 | Temple   | Entered the Ecumenical Temple
  3831 | Temple   | Became a worshipper of the Shining One
  3913 | D:4      | Reached skill level 6 in Shields
  4716 | D:4      | Noticed Blork the orc
  4726 | D:4      | Killed Blork the orc
  4727 | D:4      | Reached skill level 5 in Maces & Flails
  4797 | D:5      | Entered Level 5 of the Dungeon
  4871 | D:5      | Reached * piety under the Shining One
  4884 | D:5      | Reached XP level 8. HP: 54/58 MP: 8/8
  4903 | D:5      | Reached skill level 7 in Shields
  5031 | D:5      | Slain by an orc priest

Illustrated notes

Levels and vault maps discovered:
D:1:      dpeg_arrival_arbitrary_b, layout_basic, serial_shops,
          nicolae_shop_stone
D:2:      minmay_chambers_of_ones, layout_loops_ring,
          shapermc_ecumenical_altar_mp_urbaneastern, uniq_natasha
D:3:      layout_basic, uniq_sigmund
D:4:      layout_cave_pools, minmay_temple_entry_glass,
          cheibrodos_sewer_entry_drain, uniq_blork_the_orc
D:5:      layout_rooms, serial_shops, nicolae_shop_behind_doors,
          due_unseen_surprise
Temple:   kilobyte_greek_temple

Skill      XL: |  1  2  3  4  5  6  7  8 |
---------------+-------------------------+-----
Shields        | 4 5 6 7 |  7.4
Armour         | 4 5 6 |  6.8
Maces & Flails | 3 4 5 |  5.7
Fighting       | |  3.2

Action                   |  1- 3 |  4- 6 |  7- 9 || total
-------------------------+-------+-------+-------++-------
Melee: Flail             |    99 |   156 |   153 ||   408
 Abil: Dig               |       |       |     2 ||     2
  Use: Scroll            |       |       |     7 ||     7
       Potion            |       |       |     4 ||     4
Armor: Scale mail        |    45 |    50 |       ||    95
       Leather armour    |       |    19 |    24 ||    43
       Chain mail        |       |       |     9 ||     9
Dodge: Dodged            |    49 |    71 |    29 ||   149
Block: Buckler           |    16 |     1 |       ||    17
       Kite shield       |       |   106 |   113 ||   219
       Reflection        |       |       |     1 ||     1

Table legend: (Time is in decaauts)
 A = Elapsed time spent in this place.
 B = Non-inter-level travel time spent in this place.
 C = Inter-level travel time spent in this place.
 D = Time resting spent in this place.
 E = Time spent auto-exploring this place.
 F = Levels seen in this place.
 G = Mean time per level.
                   A        B        C        D        E       F      G
               +--------+--------+--------+--------+--------+-----+--------+
         Total |   5157 |   4997 |    160 |    981 |   2871 |   7 |  736.7 |
       Dungeon |   4873 |   4713 |    160 |    934 |   2827 |   5 |  974.6 |
        Temple |    168 |    168 |      0 |     47 |     44 |   1 |  168.0 |
         Sewer |    114 |    114 |      0 |      0 |      0 |   1 |  114.0 |
               +--------+--------+--------+--------+--------+-----+--------+

Top non-repeatable levels by time:
     D:2: 1289 daAuts
     D:3: 1179 daAuts
     D:1: 1117 daAuts
     D:4: 1040 daAuts
     D:5: 246 daAuts
  Temple: 168 daAuts
   Sewer: 114 daAuts
